 Dungeon Crawl Stone Soup version 0.30-a0-166-g5d06c95188 (webtiles) character file.

Game seed: 16721542815905599113

1158 qw the Chopper (level 8, -1/53 HPs)
             Began as a Gargoyle Fighter on Sept 29, 2022.
             Slain by a gnoll sergeant
             ... wielding a +0 spear
              (9 damage)
             ... on level 6 of the Dungeon.
             The game lasted 00:01:50 (3819 turns).

qw the Chopper (Gargoyle Fighter)                   Turns: 3819, Time: 00:01:51

Health: -1/53      AC: 21    Str: 21    XL:     8   Next: 39%
Magic:  8/8        EV:  7    Int: 10    God:
Gold:   129        SH:  4    Dex:  9    Spells: 7/7 levels left

rFire   + . .      SeeInvis .    Y - +0 war axe
rCold   + . .      Faith    .    c - +0 buckler
rNeg    + . .      Spirit   .    k - +0 chain mail
rPois   inf        Reflect  .    j - +2 helmet
rElec   +          Harm     .    q - scarf {rC+ rF+}
rCorr   .          Rampage  .    (no gloves)
Will    .....                    g - +0 pair of boots
Stlth   ..........               l - amulet of regeneration
HPRegen 0.97/turn                (no ring)
MPRegen 0.11/turn                (no ring)

@: flying
A: sickness immunity, AC +5, negative energy resistance 1, electricity
resistance, torment resistance 1, petrification resistance, big wings,
iridescent scales 1, robust 1
a: no special abilities


You were on level 6 of the Dungeon.
You visited 1 branch of the dungeon, and saw 6 of its levels.

You collected 353 gold pieces.
You spent 224 gold pieces at shops.


Innate Abilities, Weirdness & Mutations

You are immune to sickness and miasma.
Your stone body is resilient. (AC +5)
You are immune to poison.
You resist negative energy. (rN+)
You are resistant to electric shocks. (rElec)
You are resistant to unholy torment.
You are immune to petrification.
Your large and strong wings let you fly.
You are partially covered in iridescent scales. (AC +2)
You are robust. (+10% HP)


   Skills:
 - Level 5.0 Fighting
 + Level 7.8 Axes
 - Level 4.1 Armour
 - Level 2.0 Dodging
 - Level 3.2 Shields


You had 7 spell levels left.
You didn't know any spells.
Your spell library was empty.

Inventory:

Hand Weapons
 h - a +0 flail
 Y - a +0 war axe (weapon)
Armour
 b - a +0 cloak
 c - a +0 buckler (worn)
 g - a +0 pair of boots (worn)
 j - a +2 helmet (worn)
 k - a +0 chain mail (worn)
 q - a scarf of resistance (worn)
Jewellery
 l - an amulet of regeneration (around neck)
Scrolls
 f - a scroll of identify
 o - 2 scrolls of teleportation
Potions
 a - 2 potions of attraction
 d - 3 potions of might
 e - a potion of haste
 i - a potion of heal wounds
 m - 5 potions of mutation
 n - a potion of cancellation

Dungeon Overview and Level Annotations

Branches:
Dungeon (6/15)
 Temple: D:4-7

Altars:
Elyvilon
Kikubaaqudgha
Nemelex Xobeh
Trog
Uskayaw
Zin

Shops:
D:4 !

Annotations:
D:3 2 runed translucent doors


Message History

You hit the gnoll.
The gnoll is almost dead.
You closely miss the orc priest. You barely miss the gnoll.
You block the gnoll's attack.
The gnoll hits you but does no damage. x2
You block the orc priest's attack.
The gnoll sergeant hits you but does no damage.
You completely miss the gnoll.
The gnoll is almost dead.
You hit the orc priest. You barely miss the gnoll. The gnoll barely misses you.
The orc priest hits you but does no damage.
The gnoll hits you but does no damage. The gnoll sergeant closely misses you.
You block the gnoll's attack.
You slice the gnoll!!
You kill the gnoll!
You hit the gnoll. You hit the orc priest. The gnoll barely misses you.
The orc priest hits you but does no damage.
The gnoll hits you but does no damage.
The gnoll sergeant hits you from afar with a +0 spear.
The water moccasin bites you but does no damage.
The gnoll hits you from afar with a +0 halberd.
The gnoll sergeant hits you from afar with a +0 spear.
The orc priest hits you but does no damage.
You block the gnoll's attack.
You slash the orc priest!
You kill the orc priest!
You miss the water moccasin. You hit the gnoll.
The water moccasin bites you but does no damage.
The gnoll throws a stone.
The stone hits you but does no damage. The gnoll hits you but does no damage.
You block the gnoll sergeant's attack. The water moccasin barely misses you.
You hit the gnoll.
The gnoll is heavily wounded.
You hit the water moccasin. The water moccasin bites you.
The gnoll hits you from afar with a +0 halberd.
The gnoll hits you but does no damage.
The gnoll sergeant hits you from afar with a +0 spear!
You die...

... ... ... .
#.##.. #####
######..!..
#.....#....gg.#
.......<.)))..#
..........@S..#
..........)g..#
........!.....#
..............#
..............#
.............##
#.....#..)..##
############


You could see a water moccasin, a gnoll sergeant and 2 gnolls.

Vanquished Creatures
  Eustachio (D:5)
  Menkaure (D:5)
  2 black bears (D:5)
  An ice beast (D:5)
  An ogre (D:5)
  A phantom (D:4)
  A scorpion (D:5)
  A jelly (D:5)
  2 orc priests (D:6)
  Ijyb (D:5)
  3 iguanas (D:5)
  6 gnolls
  5 adders
  3 ufetubi (D:5)
  A worm (D:2)
  11 orcs
  8 endoplasms
  7 giant cockroaches
  6 goblins
  6 hobgoblins
  5 jackals
  4 quokkas
  6 ball pythons
  3 bats
  7 frilled lizards
  7 kobolds
  3 rats (D:1)
103 creatures vanquished.

Vanquished Creatures (others)
  2 plants (D:2)
2 creatures vanquished.

Grand Total: 105 creatures vanquished

Notes
Turn   | Place    | Note
-------+----------+-------------------------------------------
     0 | D:1      | qw the Gargoyle Fighter began the quest for the Orb.
     0 | D:1      | Reached XP level 1. HP: 14/14 MP: 1/1
     0 | D:1      | 0 ||| qw: Version: 0.2-a-12-gaebbb33
     0 | D:1      | 0 ||| qw: Game counter: 1037
     0 | D:1      | 0 ||| qw: Always use a shield: true
     0 | D:1      | 0 ||| qw: God list: Okawaru
     0 | D:1      | 0 ||| qw: Allow faded altars: false
     0 | D:1      | 0 ||| qw: Do Orc after D:15 true
     0 | D:1      | 0 ||| qw: Do second Lair branch before Depths: true
     0 | D:1      | 0 ||| qw: Lair rune preference: random
     0 | D:1      | 0 ||| qw: Plans: Normal, Zot:1-4, God:TSO, Crypt, Tomb,
                  | Pan, Slime:5, Hells, Abyss, Orb
     0 | D:1      | 0 ||| PLANNING D:1-11
    42 | D:1      | 42 ||| Stepping ~*~*~tactically~*~*~ (stealth).
    47 | D:1      | Reached skill level 2 in Axes
    69 | D:1      | 69 ||| DROPPING +0 club.
   124 | D:1      | Reached XP level 2. HP: 14/19 MP: 2/2
   427 | D:1      | 427 ||| Stepping ~*~*~tactically~*~*~ (stealth).
   430 | D:1      | Reached skill level 3 in Axes
   578 | D:1      | Reached XP level 3. HP: 23/23 MP: 3/3
  1152 | D:1      | 1152 ||| UPGRADING to +0 pair of boots.
  1157 | D:1      | 1157 ||| UPGRADING to +2 helmet.
  1162 | D:1      | 1162 ||| UPGRADING to amulet of regeneration.
  1167 | D:1      | 1167 ||| READING scroll labelled NONLAO IRACKEI.
  1268 | D:1      | 1268 ||| READING 2 scrolls labelled IHOFEMA RUQI.
  1269 | D:1      | 1269 ||| READING scroll labelled BEGIP ZUNNAUCW.
  1270 | D:1      | 1270 ||| DRINKING 2 fuming blue potions.
  1270 | D:1      | Gained mutation: You are robust. (+10% HP) [potion of
                  | mutation]
  1270 | D:1      | Gained mutation: Your large and strong wings let you fly.
                  | [potion of mutation]
  1270 | D:1      | Gained mutation: You are partially covered in iridescent
                  | scales. (AC +2) [potion of mutation]
  1272 | D:1      | 1272 ||| DROPPING scroll of poison.
  1395 | D:2      | 1395 ||| DROPPING +0 whip.
  1480 | D:2      | 1480 ||| Stepping ~*~*~tactically~*~*~ (hiding).
  1488 | D:2      | Reached XP level 4. HP: 30/30 MP: 4/4
  1545 | D:2      | Reached skill level 4 in Axes
  1797 | D:2      | 1797 ||| Stepping ~*~*~tactically~*~*~ (stealth).
  1939 | D:2      | 1939 ||| READING scroll labelled KACAIPL TILIMN.
  1943 | D:2      | 1943 ||| READING 4 scrolls of identify.
  1943 | D:2      | 1943 ||| IDENTIFYING smoky emerald potion
  1944 | D:2      | 1944 ||| READING 3 scrolls of identify.
  1944 | D:2      | 1944 ||| IDENTIFYING clear potion
  1981 | D:3      | 1981 ||| Stepping ~*~*~tactically~*~*~ (stealth).
  2001 | D:3      | 2001 ||| Stepping ~*~*~tactically~*~*~ (stealth).
  2561 | D:3      | Found a large runed translucent door.
  2562 | D:3      | Found a large runed translucent door.
  2583 | D:3      | 2583 ||| UPGRADING to +0 chain mail.
  2593 | D:3      | 2593 ||| DROPPING +0 scale mail.
  2594 | D:3      | 2594 ||| DRINKING 2 coppery potions.
  2595 | D:3      | 2595 ||| READING 2 scrolls of identify.
  2595 | D:3      | 2595 ||| IDENTIFYING fizzy green potion
  2625 | D:4      | 2625 ||| Stepping ~*~*~tactically~*~*~ (stealth).
  2648 | D:4      | Found an ancient bone altar of Kikubaaqudgha.
  2719 | D:4      | Found a glowing silver altar of Zin.
  2728 | D:4      | 2728 ||| Stepping ~*~*~tactically~*~*~ (stealth).
  2729 | D:4      | 2729 ||| Stepping ~*~*~tactically~*~*~ (stealth).
  2735 | D:4      | 2735 ||| Stepping ~*~*~tactically~*~*~ (stealth).
  2736 | D:4      | 2736 ||| Stepping ~*~*~tactically~*~*~ (stealth).
  2755 | D:4      | Noticed a phantom
  2779 | D:4      | Killed a phantom
  2780 | D:4      | Reached skill level 5 in Axes
  2780 | D:4      | Reached XP level 5. HP: 35/35 MP: 5/5
  2816 | D:4      | Found Otysilel's Distillery.
  2825 | D:4      | 2825 ||| BUYING 2 potions of mutation (224 gold).
  2825 | D:4      | Bought 2 potions of mutation for 224 gold pieces
  2825 | D:4      | 2825 ||| SHOPLISTING potion of cancellation (112 gold, have
                  | 33).
  2825 | D:4      | 2825 ||| SHOPLISTING potion of heal wounds (70 gold, have
                  | 33).
  2933 | D:4      | 2933 ||| Stepping ~*~*~tactically~*~*~ (stealth).
  3094 | D:4      | 3094 ||| UPGRADING to +0 cloak.
  3099 | D:4      | 3099 ||| DROPPING scarf of invisibility.
  3100 | D:4      | 3100 ||| READING scroll labelled XEXZAT LAPRUTU.
  3101 | D:4      | 3101 ||| READING 2 scrolls labelled KARAYTHIURI.
  3102 | D:4      | 3102 ||| READING scroll labelled YDWY ZESERGH.
  3103 | D:4      | 3103 ||| READING scroll labelled FUPOCE DOWO.
  3104 | D:4      | 3104 ||| DRINKING 2 sapphire potions.
  3105 | D:4      | 3105 ||| READING 3 scrolls of identify.
  3105 | D:4      | 3105 ||| IDENTIFYING pink potion
  3106 | D:4      | 3106 ||| DROPPING scroll of noise.
  3107 | D:4      | 3107 ||| DROPPING potion of flight.
  3108 | D:4      | 3108 ||| DROPPING potion of degeneration.
  3130 | D:5      | Entered Level 5 of the Dungeon
  3130 | D:5      | Noticed Ijyb
  3130 | D:5      | Noticed a black bear
  3143 | D:5      | Killed a black bear
  3144 | D:5      | Reached XP level 6. HP: 40/42 MP: 6/6
  3149 | D:5      | Killed Ijyb
  3166 | D:5      | 3166 ||| Stepping ~*~*~tactically~*~*~ (stealth).
  3169 | D:5      | 3169 ||| Stepping ~*~*~tactically~*~*~ (stealth).
  3170 | D:5      | 3170 ||| Stepping ~*~*~tactically~*~*~ (stealth).
  3176 | D:5      | Noticed Menkaure
  3189 | D:5      | HP: 1/42 [Menkaure (14)]
  3190 | D:5      | Reached skill level 6 in Axes
  3190 | D:5      | Reached XP level 7. HP: 1/48 MP: 7/7
  3190 | D:5      | 3190 ||| READING 2 scrolls of teleportation.
  3191 | D:5      | 3191 ||| DRINKING 2 potions of heal wounds.
  3254 | D:5      | 3254 ||| Stepping ~*~*~tactically~*~*~ (hiding).
  3268 | D:5      | Killed Menkaure
  3428 | D:5      | 3428 ||| Stepping ~*~*~tactically~*~*~ (stealth).
  3430 | D:5      | 3430 ||| Stepping ~*~*~tactically~*~*~ (stealth).
  3532 | D:5      | Noticed Eustachio
  3575 | D:5      | Killed Eustachio
  3576 | D:5      | Reached skill level 7 in Axes
  3576 | D:5      | Reached XP level 8. HP: 40/52 MP: 8/8
  3621 | D:5      | Found a hide-covered altar of Uskayaw.
  3621 | D:5      | Found a white marble altar of Elyvilon.
  3621 | D:5      | Found a sparkling altar of Nemelex Xobeh.
  3624 | D:5      | Found a bloodstained altar of Trog.
  3776 | D:5      | 3776 ||| UPGRADING to scarf of resistance.
  3786 | D:5      | 3786 ||| READING scroll labelled TORYMI HICACS.
  3787 | D:5      | 3787 ||| READING 2 scrolls of identify.
  3787 | D:5      | 3787 ||| IDENTIFYING bubbling amethyst potion
  3788 | D:5      | 3788 ||| DROPPING potion of invisibility.
  3819 | D:6      | HP: 8/53 [gnoll/+0 halberd[a gnoll sergeant] (6)]
  3819 | D:6      | Slain by a gnoll sergeant

Levels and vault maps discovered:
D:1:      dpeg_arrival_arbitrary_c, layout_loops_corners,
          hangedman_feature_mirror, chequers_arboretum
D:2:      layout_basic, serial_forest, infiniplex_forest_clump_small,
          infiniplex_forest_clump_double, infiniplex_forest_lined_corner,
          infiniplex_forest_diagonal, guppyfry_early_orc_mine
D:3:      layout_basic, jmf_multi_god_temple2
D:4:      layout_cave_pools, kiku_gazebo_garden_becter,
          mainiacjoe_overflow_catwalk, serial_shops, nicolae_shop_statue_plus
D:5:      layout_rooms, grunt_temple_overflow_open, uniq_eustachio,
          uniq_menkaure, uniq_ijyb
D:6:      layout_rooms, nicolae_overflow_hidden_temple,
          kennysheep_generic_room_14

Skill      XL: |  1  2  3  4  5  6  7  8 |
---------------+-------------------------+-----
Axes           | 2 3 5 6 7 |  7.8
Fighting       | 4 5 |  5.0
Dodging        | 2 |  2.0
Armour         | 4 |  4.1
Shields        | |  3.2

Action                   |  1- 3 |  4- 6 |  7- 9 || total
-------------------------+-------+-------+-------++-------
Melee: War axe           |   129 |   156 |   123 ||   408
  Use: Scroll            |     3 |     9 |     3 ||    15
       Potion            |     1 |     2 |     1 ||     4
Armor: Scale mail        |    76 |    43 |       ||   119
       Chain mail        |       |    88 |    90 ||   178
Dodge: Dodged            |    58 |    80 |    46 ||   184
Block: Buckler           |    26 |    47 |    35 ||   108

Table legend:
 A = Non-vault XP
 B = Vault XP
 C = Vault XP percentage of total XP
 D = Non-vault monster count
 E = Vault monster count
 F = Vault count percentage of total count
                 A         B        C        D         E       F
            +---------+---------+-------+---------+---------+-------
      Total |    1218 |     437 |  26.4 |      87 |      16 |  15.5
            +---------+---------+-------+---------+---------+-------
        D:1 |      35 |      10 |  22.2 |      22 |       6 |  21.4
        D:2 |      49 |      16 |  24.6 |      14 |       7 |  33.3
        D:3 |      33 |       0 |   0.0 |      12 |       0 |   0.0
        D:4 |     125 |       0 |   0.0 |      10 |       0 |   0.0
        D:5 |     857 |     411 |  32.4 |      22 |       3 |  12.0
        D:6 |     119 |       0 |   0.0 |       7 |       0 |   0.0
            +---------+---------+-------+---------+---------+-------
